 Dungeon Crawl Stone Soup version 0.18.1-48-g4cf74bf (webtiles) character file.

8323 tyranidshit the Fighter (level 11, -6/110 HPs)
             Began as a Deep Dwarf Necromancer on July 12, 2016.
             Was a Believer of Makhleb.
             Mangled by Snorg (19 damage)
             ... on level 10 of the Dungeon.
             The game lasted 00:56:23 (7388 turns).

tyranidshit the Fighter (Deep Dwarf Necromancer)    Turns: 7388, Time: 00:56:24

Health: -6/110     AC: 11    Str: 17    XL:     11   Next: 8%
Magic:  2/20       EV: 12    Int: 19    God:    Makhleb [**....]
Gold:   404        SH:  0    Dex: 13    Spells: 2 memorised, 26 levels left

rFire  . . .     SeeInvis .     u - +4 quarterstaff (chaos)
rCold  . . .     Gourm    .     p - +1 robe {MR+}
rNeg   . . .     Faith    .     (shield currently unavailable)
rPois  .         Spirit   .     (no helmet)
rElec  .         Dismiss  .     v - +1 cloak
rCorr  .         Reflect  .     h - +2 pair of gloves {archery}
SustAt .         Harm     .     (no boots)
MR     ++...                    (no amulet)
Stlth  ++........               H - +3 ring of protection
                                k - +5 ring of strength

@: non-regenerating, very resistant to hostile enchantments, unstealthy
A: damage resistance, recharge devices, sense surroundings 2, slow regeneration
3
a: Device Recharging, Minor Destruction, Renounce Religion


You were on level 10 of the Dungeon.
You worshipped Makhleb.
Makhleb was pleased with you.
You were not hungry.

You visited 2 branches of the dungeon, and saw 11 of its levels.

You collected 540 gold pieces.
You spent 136 gold pieces at shops.

Inventory:

Hand Weapons
 q - a +0 trident
 u - a +4 quarterstaff of chaos (weapon)
 B - a +0 war axe of venom
 G - a +1 dagger of electrocution
 K - a +1 trident of piercing
 O - a +4 vampiric flail
 P - a +0 mace of protection
Missiles
 e - 53 poisoned needles
Armour
 h - a +2 pair of gloves of archery (worn)
 n - a +0 buckler
 p - a +1 robe of magic resistance (worn)
 v - a +1 cloak (worn)
Magical Staves
 R - an uncursed staff of wizardry
Jewellery
 k - a +5 ring of strength (left hand)
 o - an uncursed ring of protection from cold
 s - an uncursed ring of fire
 x - an uncursed ring of poison resistance
 H - a +3 ring of protection (right hand)
 N - an uncursed ring of ice
 T - a +3 ring of dexterity
Wands
 c - a wand of heal wounds (1/9)
 i - a wand of polymorph (4/24)
 A - a wand of slowing (11/48)
 D - a wand of slowing (15/48)
 F - a wand of paralysis (10/24)
 J - a wand of iceblast (1/15)
Scrolls
 a - a scroll of enchant armour
 f - 2 scrolls of noise
 g - 3 scrolls of fog
 r - 4 scrolls of identify
 y - 3 scrolls of remove curse
 L - a scroll of magic mapping {unknown}
Potions
 d - 2 potions of degeneration
 l - a potion of flight
 m - 4 potions of curing
 t - a potion of berserk rage
 w - a potion of magic
 z - 2 potions of lignification
 C - 2 potions of heal wounds
 M - 2 potions of brilliance
Books
 b - a book of Necromancy

   Spells                             Type                      Level
   a - Pain                           Necromancy                   1
   b - Animate Skeleton               Necromancy                   1
   c - Vampiric Draining              Necromancy                   3
   d - Regeneration                   Charms/Necromancy            3
   e - Animate Dead                   Necromancy                   4
   f - Control Undead                 Necromancy                   4
 I - a book of Power

   Spells                             Type                      Level
   a - Fulminant Prism                Conjuration/Hexes            4
   b - Iskenderun's Mystic Blast      Conjuration                  4
   c - Venom Bolt                     Conjuration/Poison           5
   d - Bolt of Magma                  Conjuration/Fire/Earth       5
   e - Iron Shot                      Conjuration/Earth            6
   f - Orb of Destruction             Conjuration                  7
   g - Spellforged Servitor           Conjuration/Summoning        7
 Q - a book of Burglary

   Spells                             Type                      Level
   a - Swiftness                      Charms/Air                   2
   b - Passwall                       Transmutation/Earth          2
   c - Passage of Golubria            Translocation                4
   d - Lee's Rapid Deconstruction     Earth                        5
   e - Darkness                       Hexes                        6
   f - Invisibility                   Hexes                        6
Comestibles
 j - 2 fruits
 E - a meat ration
 S - 6 beef jerkies


   Skills:
 - Level 10.6 Fighting
 - Level 2.1 Dodging
 - Level 2.4 Stealth
 - Level 10.1 Spellcasting
 + Level 5.6 Necromancy
 + Level 3.8 Invocations


You had 26 spell levels left.
You knew the following spells:

 Your Spells              Type           Power        Failure   Level  Hunger
a - Pain                  Necr           ####         1%          1    None
b - Vampiric Draining     Necr           ####......   1%          3    None


Dungeon Overview and Level Annotations

Branches:
Dungeon (10/15)            Temple (1/1) D:7            Lair (0/8) D:10
    Orc (0/2) D:10

Altars:
Ashenzari
Cheibriados
Dithmenos
Elyvilon
Fedhas
Gozag
Kikubaaqudgha
Makhleb
Nemelex Xobeh
Okawaru
Pakellas
Qazlal
Ru
Sif Muna
Trog
Vehumet
Xom
Yredelemnul
Zin
The Shining One

Shops:
D:7 (

Annotations:
D:3 TBriggs11TB's ghost, amateur HuFi
D:10 Snorg


Innate Abilities, Weirdness & Mutations

You are resistant to damage.
You can recharge devices by infusing magical energy.
You passively map the area around you.
You do not regenerate naturally.


Message History

You thump something! You freeze something! Something bites you!
Something claws you! x2; Something bites you.
* * * LOW HITPOINT WARNING * * *
Something claws you.
* * * LOW HITPOINT WARNING * * *
Something claws you but does no damage.
Evoke which item? (* to show all) (? for menu, Esc to quit)
Zapping:
c - a wand of heal wounds (2/9)
Press: ? - help, Shift-Dir - straight line, f - you You feel much better.
This wand has 1 charge left.
Something bites you but does no damage. Something claws you!
Something claws you but does no damage. Something bites you but does no damage.
Something claws you but does no damage. Something claws you!!
* * * LOW HITPOINT WARNING * * *
You barely miss something. Something barely misses you. Something claws you.
* * * LOW HITPOINT WARNING * * *
Something claws you!
* * * LOW HITPOINT WARNING * * *
Something bites you!!
You die...

o≈≈≈≈.............
####).......
.≈≈≈≈≈....########
*###.......#.
..........(T(((.#
#.##.#.#####
........#######.#
#.###.)[.)..
.......## #.# #.#
##.##### ..≈...##
#)# #.####.#...#
.....## #.#
#......#.... ....##
#)##########......>
#####
#.@{..(((..'....≈≈≈
#.##########...≈≈≈.
#)# #....... #.>#
#....... ####
#....... #....T..
#))..... #..[....
###))...


There were no monsters in sight!

Vanquished Creatures
  Harold (D:10)
  2 hill giants (D:10)
  A redback zombie (D:9)
  A wyvern (D:10)
  6 yaks (D:9)
  2 hippogriffs (D:9)
  2 hungry ghosts (D:9)
  2 steam dragons
  5 orc warriors
  2 black bears
  3 ice beasts
  A sky beast (D:10)
  4 ogres
  6 centaurs
  A big kobold (D:7)
  4 giant frogs
  A gnoll sergeant (D:8)
  10 killer bees
  4 scorpions
  4 wights (D:9)
  6 howler monkeys
  2 giant frog zombies
  4 crimson imps
  5 hounds
  2 jellies
  2 centaur skeletons
  8 orc priests
  Crazy Yiuf (D:3)
  7 orc wizards
  2 iguanas
  4 worker ants
  A killer bee zombie (D:6)
  2 hound skeletons (D:9)
  A worker ant zombie (D:6)
  4 gnolls (D:8)
  A howler monkey skeleton (D:6)
  8 adders
  5 worms
  A dart slug (D:3)
  4 giant geckos
  49 orcs
  3 giant cockroaches
  2 gnoll zombies (D:2)
  9 goblins
  6 hobgoblins
  11 jackals
  A quokka (D:4)
  A ball python (D:2)
  7 bats
  A giant gecko zombie (D:5)
  6 giant newts
  A jackal skeleton (D:5)
  10 kobolds
  2 quokka skeletons
  5 rats
  A fungus (D:3)
247 creatures vanquished.

Notes
Turn   | Place    | Note
--------------------------------------------------------------
     0 | D:1      | tyranidshit the Deep Dwarf Necromancer began the quest for the Orb.
     0 | D:1      | Reached XP level 1. HP: 15/15 MP: 3/3
   133 | D:1      | Reached skill level 1 in Fighting
   264 | D:1      | Reached XP level 2. HP: 25/25 MP: 3/5
   856 | D:2      | Reached XP level 3. HP: 22/32 MP: 1/6
   873 | D:2      | Learned a level 3 spell: Vampiric Draining
  1343 | D:2      | Found a basalt altar of Yredelemnul.
  1767 | D:4      | Reached XP level 4. HP: 37/40 MP: 0/8
  1814 | D:4      | Found a shadowy altar of Dithmenos.
  1867 | D:3      | Noticed TBriggs11TB's ghost (amateur HuFi)
  1980 | D:3      | Found a snail-covered altar of Cheibriados.
  2028 | D:3      | Reached XP level 5. HP: 35/49 MP: 9/9
  2298 | D:3      | Noticed Crazy Yiuf
  2303 | D:3      | Killed Crazy Yiuf
  2440 | D:4      | Found an opulent altar of Gozag.
  2485 | D:4      | Reached XP level 6. HP: 32/57 MP: 1/12
  2638 | D:4      | Reached XP level 7. HP: 48/66 MP: 0/13
  2700 | D:5      | Entered Level 5 of the Dungeon
  2788 | D:5      | Found a stormy altar of Qazlal.
  2839 | D:5      | Found a glowing silver altar of Zin.
  2962 | D:5      | Reached skill level 5 in Fighting
  2962 | D:5      | Reached skill level 5 in Spellcasting
  3331 | D:6      | Reached XP level 8. HP: 66/76 MP: 2/16
  4127 | D:7      | Found a staircase to the Ecumenical Temple.
  4132 | Temple   | Entered the Ecumenical Temple
  4389 | D:7      | Gained mutation: You passively map the area around you. [Deep Dwarf growth]
  4389 | D:7      | Reached XP level 9. HP: 44/86 MP: 15/19
  4803 | D:7      | Found Xoitieph's Antique Weapon Emporium.
  4807 | D:7      | Bought a runed flail for 73 gold pieces
  4808 | D:7      | Bought a glowing mace for 63 gold pieces
  5207 | D:8      | Found a white marble altar of Elyvilon.
  5623 | D:9      | Found an iron altar of Okawaru.
  6030 | D:9      | Reached XP level 10. HP: 19/99 MP: 7/20
  6210 | D:9      | Found a burning altar of Makhleb.
  6216 | D:9      | Became a worshipper of Makhleb the Destroyer
  6430 | D:9      | Reached skill level 10 in Fighting
  6545 | D:9      | Reached * piety under Makhleb
  6632 | D:10     | Entered Level 10 of the Dungeon
  6635 | D:10     | Noticed a hill giant
  6802 | D:10     | Noticed a hill giant
  6862 | D:10     | Killed a hill giant
  6862 | D:10     | Reached skill level 10 in Spellcasting
  7004 | D:10     | Reached ** piety under Makhleb
  7031 | D:10     | Found a staircase to the Orcish Mines.
  7111 | D:10     | Noticed Harold
  7112 | D:10     | Found a staircase to the Lair.
  7125 | D:10     | Killed Harold
  7125 | D:10     | Reached skill level 5 in Necromancy
  7165 | D:10     | Reached XP level 11. HP: 66/110 MP: 5/21
  7202 | D:10     | Killed a hill giant
  7295 | D:10     | Noticed Snorg
  7388 | D:10     | Mangled by Snorg

Skill      XL: |  1  2  3  4  5  6  7  8  9 10 11 |
---------------+----------------------------------+-----
Fighting       | 1 2 3 4 5 7 9 10 | 10.6
Spellcasting   | 2 3 4 5 7 8 10 | 10.1
Necromancy     | 5 |  5.6
Invocations    | 2 3 |  3.8
Dodging        | |  2.1
Stealth        | |  2.4

Action                   |  1- 3 |  4- 6 |  7- 9 | 10-12 || total
-------------------------+-------+-------+-------+-------++-------
Melee: Unarmed           |    11 |       |       |       ||    11
       Club              |     4 |       |       |       ||     4
       Hand axe          |    18 |       |       |       ||    18
       Short sword       |    68 |   115 |   165 |       ||   348
       Dire flail        |       |       |    34 |       ||    34
       Quarterstaff      |       |       |    40 |   206 ||   246
       Flail             |       |       |    80 |       ||    80
       Dagger            |       |       |    35 |       ||    35
       Trident           |       |       |    34 |    21 ||    55
 Cast: Pain              |    35 |    11 |    15 |    17 ||    78
       Vampiric Draining |     2 |    15 |    68 |    62 ||   147
 Abil: Device Recharging |       |       |     2 |     3 ||     5
Evoke: Wand              |     2 |     5 |    16 |    20 ||    43
  Use: Scroll            |     6 |     3 |     7 |     1 ||    17
       Potion            |     2 |       |       |     9 ||    11
 Stab: Sleeping          |     3 |     1 |     3 |     2 ||     9
       Petrifying        |       |       |       |     4 ||     4
       Petrified         |       |       |       |     3 ||     3
       Confused          |       |       |       |     2 ||     2
       Paralysed         |       |       |       |     2 ||     2
  Eat: Bread ration      |     1 |     1 |     2 |     3 ||     7
       Fruit             |       |       |     4 |       ||     4
       Beef jerky        |       |       |     2 |       ||     2
       Pizza             |       |       |     2 |       ||     2
Armor: Robe              |    42 |    51 |   260 |   142 ||   495
Dodge: Dodged            |   123 |    73 |   329 |   226 ||   751
Block: Buckler           |     5 |    26 |    66 |    10 ||   107
